 Dungeon Crawl Stone Soup version 0.19.1 (webtiles) character file.

32174 smedtjen the Severer (level 13, -1/104 HPs)
             Began as a Hill Orc Abyssal Knight on Nov 21, 2016.
             Was the Champion of Lugonu.
             Slain by a 14-headed hydra (2 damage)
             ... on level 14 of the Dungeon on Nov 24, 2016.
             The game lasted 03:03:38 (31093 turns).

smedtjen the Severer (Hill Orc Abyssal Knight)     Turns: 31093, Time: 03:03:38

Health: -1/104     AC: 20    Str: 19    XL:     13   Next: 62%
Magic:  24/24      EV:  7    Int: 10    God:    Lugonu [******]
Gold:   872        SH:  6    Dex: 11    Spells: 0 memorised, 12 levels left

rFire  + . .     SeeInvis +     a - +5 broad axe of Sequestration {speed, rC+ MP+9}
rCold  + . .     Gourm    .     g - +1 plate armour
rNeg   . . .     Faith    .     q - +1 buckler
rPois  .         Spirit   .     (no helmet)
rElec  .         Reflect  .     e - +0 cloak
rCorr  .         Harm     .     W - +0 pair of gloves
MR     .....                    z - +0 pair of boots
Stlth  ..........               (no amulet)
                                Y - ring of protection from fire
                                f - ring of see invisible

@: no status effects
A: blurry vision 1, dopey 1, frail 1, sense surroundings 1
a: Depart the Abyss, Bend Space, Banish, Corrupt, Enter the Abyss, Brand Weapon
With Distortion, Renounce Religion


You were on level 14 of the Dungeon.
You worshipped Lugonu.
Lugonu was exalted by your worship.
You were not hungry.

You visited 3 branches of the dungeon, and saw 19 of its levels.
You visited the Abyss 1 time.
You also visited: Ossuary.

You collected 872 gold pieces.

Inventory:

Hand Weapons
 a - the +5 broad axe of Sequestration (weapon) {speed, rC+ MP+9}
   (You found it on level 7 of the Dungeon)

   Attacks with this weapon are significantly faster.
   It protects you from cold.
   It affects your magic capacity (+9).
 b - a +3 blowgun
 h - a +1 dire flail of draining
 m - a +0 short sword of electrocution
 r - a +3 halberd of freezing
 s - a +2 quarterstaff of chaos
 x - a +2 flail of protection
 E - a +2 long sword of electrocution
 G - the cursed +0 rapier "Eviscerator" {pierce, rF+++ rC+ Str+3 Stlth-, unknown}
   (You found it on level 1 of the Lair of Beasts)

   It inflicts extra damage upon your enemies.
   It affects your strength (+3).
   It renders you almost immune to fire.
   It protects you from cold.
   It makes you less stealthy.
   It has a curse placed upon it.
 I - the +10 mace "Goblinslayer" {flame, +Fly Int+3}
   (You found it on level 5 of the Dungeon)

   It has been specially enchanted to burn those struck by it, causing extra
   injury to most foes and up to half again as much damage against particularly
   susceptible opponents.
   It affects your intelligence (+3).
   It lets you fly.
 R - a +2 mace of holy wrath
Missiles
 t - 75 poisoned needles (quivered)
 X - a curare-tipped needle
Armour
 e - a +0 cloak (worn)
 g - a +1 plate armour (worn)
 q - a +1 buckler (worn)
 z - a +0 pair of boots (worn)
 W - a +0 pair of gloves (worn)
Jewellery
 f - a ring of see invisible (left hand)
 S - a cursed ring of loudness {unknown}
 Y - a ring of protection from fire (right hand)
Wands
 w - a wand of lightning (10/15)
 y - a wand of acid (8/15)
 F - a wand of slowing (38/48)
 J - a wand of random effects (35/48)
 K - a wand of flame (14/48)
 L - a wand of paralysis (12/24)
 M - a wand of slowing (10/48)
 Q - a wand of disintegration (18/24)
 V - a wand of random effects (17/48)
Scrolls
 i - 3 scrolls of recharging
 l - 7 scrolls of remove curse
 o - 6 scrolls of fear
 p - 5 scrolls of amnesia
 N - a scroll of teleportation
 O - a scroll of identify
Potions
 c - 3 potions of lignification
 d - a potion of cure mutation {unknown}
 j - 4 potions of curing
 k - 3 potions of heal wounds
 n - 4 potions of agility
 v - 6 potions of flight
 A - 4 potions of might
 B - 3 potions of magic
 C - a potion of ambrosia {unknown}
 D - 3 potions of haste
 H - 2 potions of berserk rage
Comestibles
 u - 3 fruits
 P - 5 bread rations


   Skills:
 + Level 11.0 Fighting
 + Level 3.0(5.1) Short Blades
 + Level 7.1(7.4) Long Blades
 + Level 15.7(16.1) Axes
 + Level 4.9(10.2) Maces & Flails
 * Level 7.8 Throwing
 + Level 11.2 Armour
 + Level 3.0 Dodging
 + Level 1.1 Stealth
 + Level 5.7 Shields
 + Level 2.9 Invocations


You had 12 spell levels left.
You didn't know any spells.

Dungeon Overview and Level Annotations

Branches:
Dungeon (14/15)            Temple (0/1) D:4            Lair (4/6) D:8
    Orc (1/2) D:12         Vaults (0/5) D:13
  Swamp: Lair:2-4    Shoals: Lair:2-4     Snake: Lair:2-4    Spider: Lair:2-4

Altars:
Ashenzari
Cheibriados
Makhleb
Ru
Sif Muna
Trog
Yredelemnul

Shops:
D:8 :   D:9 [   D:14 =

Annotations:
D:6 Prince Ribbit
Lair:4 Nessos
Orc:1 Snorg


Innate Abilities, Weirdness & Mutations

Scrolls take you a little longer to read.
You are dopey. (Int -2)
You are frail. (-10% HP)
You passively map a small area around you.


Message History

You block the 14-headed hydra's attack.
Really read with blurry vision while enemies are nearby? [Y]es or [N]o only, please.
Really read with blurry vision while enemies are nearby? [Y]es or [N]o only, please.
Really read with blurry vision while enemies are nearby? [Y]es or [N]o only, please.
Really read with blurry vision while enemies are nearby?
Okay, then.
Really read with blurry vision while enemies are nearby?
You begin reading the scroll.
You continue reading the scroll.
The 14-headed hydra bites you but does no damage. x2
The 14-headed hydra closely misses you. You block the 14-headed hydra's attack.
The 14-headed hydra bites you.
* * * LOW HITPOINT WARNING * * *
The 14-headed hydra closely misses you. The 14-headed hydra bites you!
* * * LOW HITPOINT WARNING * * *
The 14-headed hydra bites you but does no damage. x2
The 14-headed hydra bites you.
You die...

#########* ###........*
#..........* ######
##########.#....$$..*
.....#####.......##.#........*
.....##..........##.#........*
........##......@D(.#......>.*
.....#####.......####........*
.....# #####.### #........*
.....# #..# #........* ##.###
##.#* *******,** *#.# *..*
*,** *..# *****#.#* *,,* ..##
*,,,,,,,* **,* '**** *,,,,,,,*
*,*


You could see a 14-headed hydra.

Vanquished Creatures
  Harold (D:14)
  2 centaur warriors
  The ghost of Ijustatesigmund the Fighter, a novice MiMo of Ashenzari (D:9)
  The ghost of nht the Cleaver, a novice MiCK of Xom (Lair:1)
  2 dancing weapons (D:13)
  A tengu warrior (D:14)
  2 unseen horrors
  2 wizards
  2 hill giants (D:14)
  2 deep elf magi
  3 cyclopes
  3 spiny frogs
  A black mamba (Lair:3)
  A gargoyle (D:7)
  3 komodo dragons
  A freezing wraith (D:12)
  2 kobold demonologists
  A redback zombie (D:14)
  2 polar bears (D:11)
  A tengu conjurer (D:14)
  2 trolls
  A hornet (D:13)
  Grinder (D:4)
  A two-headed ogre (D:11)
  8 hippogriffs
  A meliai zombie (D:13)
  2 wraiths
  21 yaks
  2 hogs (D:7)
  A human (D:7)
  3 basilisks
  Edmund (D:5)
  2 soldier ants
  11 water moccasins
  6 sky beasts
  6 porcupines
  2 orc warriors (D:12)
  7 phantoms
  A black bear (D:11)
  A necrophage (D:10)
  16 wolves
  9 ogres
  14 centaurs
  10 crocodiles
  5 big kobolds
  6 bullfrogs
  An elf zombie (Ossuary)
  2 elf skeletons (D:4)
  6 scorpions
  18 killer bees
  8 wights
  3 crimson imps
  5 bullfrog zombies
  2 quasits (D:11)
  A hound (D:12)
  3 jellies
  Crazy Yiuf (D:7)
  2 human zombies (Ossuary)
  4 orc priests
  3 bullfrog skeletons
  A centaur skeleton (D:12)
  A human skeleton (D:4)
  An iguana (D:12)
  9 orc wizards
  13 worker ants
  4 hound skeletons
  2 mummies (Ossuary)
  2 howler monkey zombies
  A gnoll (D:9)
  21 adders
  A howler monkey skeleton (D:4)
  7 shadow imps
  2 oozes
  An adder zombie (Ossuary)
  2 adder skeletons
  4 worms
  2 dart slugs
  8 leopard geckos
  63 orcs
  4 ball pythons
  7 bats
  9 giant cockroaches
  6 goblins
  8 hobgoblins
  12 jackals
  6 quokkas
  5 frilled lizards
  3 goblin zombies (Ossuary)
  6 hobgoblin zombies (Ossuary)
  A jackal skeleton (D:4)
  2 jackal zombies (Ossuary)
  21 kobolds
  14 kobold zombies (Ossuary)
  An orc skeleton (D:4)
  9 orc zombies
  A quokka skeleton (D:4)
  5 rats
  A rat zombie (Ossuary)
  A fungus (Lair:2)
500 creatures vanquished.

Vanquished Creatures (others)
  An ice beast (D:7)
  A fungus (Lair:4)
  A plant (Lair:4)
3 creatures vanquished.

Grand Total: 503 creatures vanquished

Notes
Turn   | Place    | Note
-------+----------+-------------------------------------------
     0 | Abyss:1  | smedtjen the Hill Orc Abyssal Knight began the quest for the Orb.
     0 | Abyss:1  | Reached XP level 1. HP: 19/19 MP: 2/2
    37 | D:1      | Escaped the Abyss
   198 | D:1      | Reached XP level 2. HP: 18/27 MP: 3/3
   973 | D:2      | Gained mutation: You have a pair of small horns on your head. [potion of mutation]
   973 | D:2      | Gained mutation: You possess an exceptional clarity of mind. [potion of mutation]
   973 | D:2      | Gained mutation: You are agile. (Dex +2) [potion of mutation]
  1112 | D:2      | Reached skill level 1 in Dodging
  1112 | D:2      | Reached XP level 3. HP: 27/33 MP: 4/4
  1315 | D:1      | Reached ** piety under Lugonu
  2083 | D:2      | Found a shattered altar of Ashenzari.
  2588 | D:3      | Reached XP level 4. HP: 5/40 MP: 5/5
  4414 | D:4      | Reached skill level 1 in Short Blades
  4454 | D:4      | Reached XP level 5. HP: 43/46 MP: 6/6
  4479 | D:4      | Noticed Grinder
  4493 | D:4      | Paralysed by Grinder for 3 turns
  4513 | D:4      | Paralysed by Grinder for 7 turns
  4527 | D:4      | Killed Grinder
  4527 | D:4      | Reached XP level 6. HP: 4/53 MP: 6/8
  4866 | D:4      | Reached *** piety under Lugonu
  4932 | D:4      | Reached skill level 1 in Throwing
  5039 | D:4      | Reached XP level 7. HP: 55/60 MP: 9/9
  5042 | D:4      | Found a sand-covered staircase.
  5048 | Ossuary  | Entered an ossuary
  5272 | Ossuary  | Reached **** piety under Lugonu
  5303 | Ossuary  | Reached skill level 1 in Shields
  5941 | D:4      | Reached skill level 5 in Fighting
  5941 | D:4      | Reached skill level 5 in Long Blades
  6034 | D:4      | Found a staircase to the Ecumenical Temple.
  6227 | D:4      | Reached skill level 5 in Armour
  7033 | D:4      | Found a deep blue altar of Sif Muna.
  7660 | D:5      | Entered Level 5 of the Dungeon
  7663 | D:5      | Reached XP level 8. HP: 68/68 MP: 10/10
  8227 | D:5      | Noticed Edmund
  8239 | D:5      | Killed Edmund
  8402 | D:5      | Got an ancient mace
  8403 | D:5      | Identified the +10 mace "Goblinslayer" {flame, +Fly Int+3} (You found it on level 5 of the Dungeon)
  9987 | D:5      | Reached skill level 1 in Maces & Flails
 10139 | D:6      | Found a sacrificial altar of Ru.
 10152 | D:6      | Reached XP level 9. HP: 45/75 MP: 11/11
 10774 | D:6      | Noticed Prince Ribbit
 11265 | D:6      | Reached ***** piety under Lugonu
 12575 | D:7      | Got an ichor-stained broad axe
 12576 | D:7      | Identified the +5 broad axe of Sequestration {speed, rC+ MP+9} (You found it on level 7 of the Dungeon)
 12964 | D:7      | Noticed a gargoyle
 12977 | D:7      | Reached skill level 1 in Axes
 12979 | D:7      | Killed a gargoyle
 12979 | D:7      | Reached skill level 2 in Axes
 13162 | D:7      | Reached skill level 3 in Axes
 13448 | D:7      | Noticed an unseen horror
 13459 | D:7      | Killed an unseen horror
 13459 | D:7      | Reached skill level 4 in Axes
 13459 | D:7      | Reached XP level 10. HP: 44/84 MP: 12/12
 13484 | D:7      | Reached skill level 5 in Axes
 13713 | D:7      | Reached skill level 6 in Axes
 13744 | D:7      | Reached skill level 7 in Axes
 14307 | D:7      | Found a runed door.
 14311 | D:7      | Noticed Crazy Yiuf
 14312 | D:7      | Paralysed by Crazy Yiuf for 6 turns
 14319 | D:7      | Killed Crazy Yiuf
 14324 | D:7      | Upgraded the game from 0.19.0-24-gb05acd6 to 0.19.1
 14782 | D:8      | Found Neil's Book Boutique.
 14819 | D:8      | Found a staircase to the Lair.
 14854 | Lair:1   | Entered Level 1 of the Lair of Beasts
 14994 | D:8      | Found a burning altar of Makhleb.
 15937 | D:9      | Reached skill level 8 in Axes
 16012 | D:9      | Found a snail-covered altar of Cheibriados.
 16120 | D:9      | Found Vovveim's Antique Armour Boutique.
 16123 | D:9      | Noticed Ijustatesigmund's ghost (novice MiMo)
 16262 | D:10     | Entered Level 10 of the Dungeon
 16443 | D:10     | Reached skill level 9 in Axes
 16896 | D:10     | Reached XP level 11. HP: 66/93 MP: 13/13
 17370 | D:10     | Reached skill level 10 in Axes
 18192 | D:11     | Found a bloodstained altar of Trog.
 18220 | D:11     | Lost mutation: You are agile. (Dex +2) [mutagenic meat]
 18221 | D:11     | Lost mutation: You have a pair of small horns on your head. [mutagenic meat]
 18222 | D:11     | Gained mutation: You passively map a small area around you. [mutagenic meat]
 18223 | D:11     | Lost mutation: You possess an exceptional clarity of mind. [mutagenic meat]
 18265 | D:11     | Found a basalt altar of Yredelemnul.
 18370 | D:11     | Noticed a sun demon
 18706 | D:11     | Noticed a soul eater
 19103 | D:11     | Reached skill level 11 in Axes
 19103 | D:11     | Reached skill level 5 in Throwing
 19125 | D:11     | Reached ****** piety under Lugonu
 19771 | D:12     | Noticed a cyclops
 19789 | D:12     | Killed a cyclops
 19914 | D:12     | Found a staircase to the Orcish Mines.
 19997 | Orc:1    | Entered Level 1 of the Orcish Mines
 20001 | Orc:1    | Noticed Snorg
 20286 | D:12     | Reached skill level 12 in Axes
 20462 | D:12     | Gained mutation: You are dopey. (Int -2) [potion of mutation]
 20462 | D:12     | Gained mutation: You are frail. (-10% HP) [potion of mutation]
 20462 | D:12     | Gained mutation: Scrolls take you a little longer to read. [potion of mutation]
 20511 | D:12     | Noticed an unseen horror
 20528 | D:12     | Killed an unseen horror
 21115 | D:12     | Reached XP level 12. HP: 61/92 MP: 14/14
 21991 | D:9      | Killed Ijustatesigmund's ghost
 21991 | D:9      | Reached skill level 13 in Axes
 22492 | Lair:1   | Noticed nht's ghost (novice MiCK)
 22523 | Lair:1   | Killed nht's ghost
 22867 | Lair:1   | Reached skill level 10 in Armour
 23363 | Lair:1   | Got a shimmering rapier
 24092 | Lair:2   | Reached skill level 14 in Axes
 24105 | Lair:2   | Reached skill level 5 in Shields
 25190 | Lair:2   | Reached skill level 10 in Fighting
 25534 | Lair:2   | Reached skill level 1 in Stealth
 26101 | Lair:3   | Noticed a four-headed hydra
 26929 | Lair:4   | Noticed Nessos
 26932 | Lair:4   | Noticed a death yak
 26932 | Lair:4   | Noticed a death yak
 26933 | Lair:4   | Noticed a death yak
 26934 | Lair:4   | Noticed a death yak
 26935 | Lair:4   | Noticed a death yak
 26936 | Lair:4   | Noticed a death yak
 27755 | D:12     | Reached XP level 13. HP: 101/101 MP: 15/15
 27863 | D:13     | Got a heavily runed leather armour
 28167 | D:13     | Found a basalt altar of Yredelemnul.
 28593 | D:13     | Found a gate to the Vaults.
 28884 | D:13     | Identified the Compendium of Sand
 28901 | D:13     | Reached skill level 15 in Axes
 29362 | D:14     | Found Deuvu's Jewellery Shop.
 29707 | D:14     | Noticed Harold
 29718 | D:14     | Killed Harold
 31093 | D:14     | HP: 1/104 [14-headed hydra (7)]
 31093 | D:14     | Slain by a 14-headed hydra

Skill      XL: |  1  2  3  4  5  6  7  8  9 10 11 12 13 |
---------------+----------------------------------------+-----
Fighting       | 4 5 6 7 8 10 11 | 11.0
Dodging        | 1 2 3 |  3.0
Long Blades    | 3 5 7 |  7.1
Armour         | 3 4 5 6 7 8 9 10 11 | 11.2
Short Blades   | 1 2 3 |  3.0
Throwing       | 1 2 3 4 5 6 7 |  7.8
Shields        | 1 2 3 4 5 |  5.7
Maces & Flails | 2 4 |  4.9
Axes           | 4 9 12 14 15 | 15.7
Stealth        | 1 |  1.1
Invocations    | |  2.9

Action                   |  1- 3 |  4- 6 |  7- 9 | 10-12 | 13-15 || total
-------------------------+-------+-------+-------+-------+-------++-------
Melee: Falchion          |    84 |     6 |       |       |       ||    90
       Headbutt          |    13 |    37 |    80 |    61 |       ||   191
       Dagger            |       |   142 |       |       |       ||   142
       Long sword        |       |    33 |   254 |       |       ||   287
       Mace              |       |       |   140 |       |       ||   140
       Broad axe         |       |       |    37 |   980 |   232 ||  1249
 Fire: Blowgun           |       |       |       |    55 |       ||    55
Throw: Stone             |    15 |    21 |   108 |    10 |       ||   154
Invok: Bend Space        |       |     2 |     2 |     1 |       ||     5
  Use: Scroll            |     2 |     6 |     9 |    15 |     2 ||    34
       Potion            |     1 |       |     9 |     8 |     1 ||    19
  Eat: Pizza             |     1 |       |       |     7 |       ||     8
       Chunk             |     1 |     5 |     4 |    18 |     6 ||    34
       Bread ration      |     1 |     1 |     2 |     3 |       ||     7
       Fruit             |       |       |     5 |     2 |     5 ||    12
       Meat ration       |       |       |     1 |     1 |       ||     2
       Beef jerky        |       |       |       |     2 |       ||     2
Armor: Leather armour    |    38 |       |       |       |       ||    38
       Chain mail        |       |    93 |   257 |    91 |       ||   441
       Scale mail        |       |     2 |       |       |       ||     2
       Plate armour      |       |       |       |   473 |   116 ||   589
Dodge: Dodged            |    82 |    63 |   168 |   264 |    46 ||   623
Block: Buckler           |       |    19 |    78 |   189 |    48 ||   334
       Rpst.: Falchion   |    26 |       |       |       |       ||    26
       Long sword        |       |     4 |    34 |       |       ||    38
